 Dungeon Crawl Stone Soup version 0.27-a0-1196-g3e9cee4cb2 (webtiles) character file.

Game seed: 13757616500139267942

32 polve the Chopper (level 3, 0/31 HPs)
             Began as a Hill Orc Berserker on May 28, 2021.
             Was a Believer of Trog.
             Slain by Jessica
             ... wielding a +3 dagger
              (6 damage)
             ... on level 2 of the Dungeon.
             The game lasted 00:01:14 (1135 turns).

polve the Chopper (Hill Orc Berserker)              Turns: 1135, Time: 00:01:15

Health: 0/31       AC:  2    Str: 19    XL:     3   Next: 27%
Magic:  3/3        EV: 11    Int:  7    God:    Trog [**....]
Gold:   65         SH:  4    Dex: 11    Spells: 2/2 levels left

rFire    . . .     SeeInvis .   a - +0 hand axe
rCold    . . .     Faith    .   d - +0 buckler
rNeg     . . .     Spirit   .   b - +0 animal skin
rPois    .         Reflect  .   (no helmet)
rElec    .         Harm     .   (no cloak)
rCorr    .         Rampage  .   (no gloves)
Will     .....                  (no boots)
Stlth    +.........             (no amulet)
HPRegen  0.10/turn              (no ring)
MPRegen  0.08/turn              (no ring)

@: brilliant, on berserk cooldown, hasted, very quick
A: no striking features
a: Renounce Religion, Berserk, Trog's Hand


You were on level 2 of the Dungeon.
You worshipped Trog.
Trog was pleased with you.
You visited 1 branch of the dungeon, and saw 2 of its levels.

You collected 65 gold pieces.

Inventory:

Hand Weapons
 a - a +0 hand axe (weapon)
Armour
 b - a +0 animal skin (worn)
 d - a +0 buckler (worn)
Scrolls
 c - 3 scrolls of immolation {unknown}
 i - a scroll of identify {unknown}
 j - a scroll of fog {unknown}
 k - a scroll of enchant armour {unknown}
Potions
 f - a potion of brilliance


   Skills:
 - Level 3.6 Fighting
 + Level 4.9 Axes
 - Level 2.1 Armour
 - Level 1.5 Dodging
 + Level 2.0 Shields


You had 2 spell levels left.
You didn't know any spells.
Your spell library was empty.

Dungeon Overview and Level Annotations

Branches:
Dungeon (2/15)

Altars:

Shops:
D:1 *

Annotations:
D:2 Jessica


Message History

The hobgoblin is lightly wounded.
The hobgoblin hits you but does no damage.
You barely miss the hobgoblin.
The hobgoblin is lightly wounded.
You block the hobgoblin's attack.
You closely miss the hobgoblin.
The hobgoblin is lightly wounded.
The hobgoblin closely misses you.
Jessica casts a spell.
Jessica blinks!
You closely miss the hobgoblin.
The hobgoblin is lightly wounded.
You block the hobgoblin's attack.
You hit the hobgoblin.
You kill the hobgoblin!
Trog accepts your kill.
Jessica says, "I'm really upset."
You barely miss the kobold. You block the kobold's attack.
You hit the kobold.
You kill the kobold!
Trog accepts your kill.
You can now call upon Trog for regeneration and willpower.
Jessica casts a spell at you. Pain shoots through your body!
You closely miss Jessica. Jessica barely misses you.
You hit Jessica.
Jessica is severely wounded.
Jessica closely misses you.
Jessica casts a spell.
Jessica blinks!
Things that are here:
a +0 whip; a hobgoblin corpse Jessica gestures wildly while chanting.
Jessica blinks!
Jessica gestures at you while chanting. Pain shoots through your body!
* * * LOW HITPOINT WARNING * * *
You feel yourself speed up. Jessica hits you with a +3 dagger.
You die...

###############
#...).........#
#.###.....###.# #
###'##@@....#
..###.#....#......###########
...........+........)........
.####......#..............†..
###....#......###....####
#....#......# #....#
#.K..#......# #..†.#
.....#.....)# #....#
......#......# #....#


You could see Jessica (fast).

Vanquished Creatures
  An adder (D:2)
  2 endoplasms (D:1)
  A giant cockroach (D:1)
  2 goblins (D:1)
  3 hobgoblins (D:2)
  2 jackals (D:1)
  3 ball pythons (D:2)
  3 bats
  2 kobolds (D:2)
  4 rats
23 creatures vanquished.

Notes
Turn   | Place    | Note
-------+----------+-------------------------------------------
     0 | D:1      | polve the Hill Orc Berserker began the quest for the Orb.
     0 | D:1      | Reached XP level 1. HP: 19/19 MP: 1/1
   259 | D:1      | Found a faded altar of an unknown god.
   363 | D:1      | Reached skill level 1 in Shields
   363 | D:1      | Reached XP level 2. HP: 23/26 MP: 2/2
   440 | D:1      | Found Sysefott's General Store.
   987 | D:2      | Reached XP level 3. HP: 29/31 MP: 3/3
  1098 | D:2      | Noticed Jessica
  1128 | D:2      | Reached ** piety under Trog
  1135 | D:2      | Slain by Jessica

Illustrated notes

Levels and vault maps discovered:
D:1:      minmay_arrival_hallway, layout_basic, serial_shops, shop,
          hellmonk_ecumenical_altar_slurped_away
D:2:      layout_basic, corexii_corridor_pit, kennysheep_pointless_box,
          nrook_mini_vaults, uniq_terence, uniq_jessica, uniq_robin

Skill      XL: |  1  2  3 |
---------------+----------+-----
Shields        | 1 2 |  2.0
Fighting       | |  3.6
Axes           | |  4.9
Armour         | |  2.1
Dodging        | |  1.5

Action                   || total
-------------------------++-------
Melee: Hand axe          ||    65
Invok: Berserk           ||     3
  Use: Potion            ||     4
Armor: Animal skin       ||    18
Dodge: Dodged            ||    36
Block: Buckler           ||    14

Table legend: (Time is in decaauts)
 A = Elapsed time spent in this place.
 B = Non-inter-level travel time spent in this place.
 C = Inter-level travel time spent in this place.
 D = Time resting spent in this place.
 E = Time spent auto-exploring this place.
 F = Levels seen in this place.
 G = Mean time per level.
                   A        B        C        D        E       F      G
               +--------+--------+--------+--------+--------+-----+--------+
         Total |   1166 |   1126 |     40 |      5 |    948 |   2 |  583.0 |
       Dungeon |   1166 |   1126 |     40 |      5 |    948 |   2 |  583.0 |
               +--------+--------+--------+--------+--------+-----+--------+

Top non-repeatable levels by time:
     D:1: 901 daAuts
     D:2: 264 daAuts
